 Dungeon Crawl Stone Soup version 0.29.1-12-g30fa7ad0bf (webtiles) character file.

Game seed: 5689407707408161819

49 DildoBatman the Conjurer (level 4, -7/32 HPs)
             Began as a Formicid Conjurer on Jan 10, 2023.
             Mangled by an orc
             ... wielding a +2 whip of electrocution
              (8 damage)
             ... on level 6 of the Dungeon.
             The game lasted 00:02:45 (1248 turns).

DildoBatman the Conjurer (Formicid Conjurer)        Turns: 1248, Time: 00:02:45

Health: -7/32      AC:  2    Str: 12    XL:     4   Next: 2%
Magic:  7/8        EV: 12    Int: 19    God:
Gold:   64         SH:  0    Dex: 12    Spells: 5/8 levels left

rFire   . . .      SeeInvis +   b - +0 sling
rCold   . . .      Faith    .   (no shield)
rNeg    . . .      Spirit   .   k - +0 robe
rPois   .          Reflect  .   (helmet unavailable)
rElec   .          Harm     .   (no cloak)
rCorr   .          Rampage  .   (no gloves)
Will    .....                   (no boots)
Stlth   ++........              (no amulet)
HPRegen 0.10/turn               (no ring)
MPRegen 0.11/turn               (no ring)

@: no status effects
A: permanent stasis, dig shafts and tunnels, antennae 3, four strong arms
a: Dig, Shaft Self


You were on level 6 of the Dungeon.
You visited 1 branch of the dungeon, and saw 4 of its levels.

You collected 64 gold pieces.

Inventory:

Hand Weapons
 a - a +2 whip of electrocution
 b - a +0 sling (weapon)
Missiles
 f - 23 stones
 l - 2 poisoned darts
Armour
 k - a +0 robe (worn)
Scrolls
 e - 2 scrolls of identify {unknown}
 g - a scroll of amnesia {unknown}
 j - a scroll of poison {unknown}
 n - a scroll of immolation {unknown}
Potions
 c - a potion of heal wounds {unknown}
 d - a potion of magic
 h - 2 potions of curing {unknown}
 i - 2 potions of attraction {unknown}
 m - a potion of brilliance {unknown}
 o - a potion of might {unknown}


   Skills:
 * Level 1.4 Fighting
 * Level 1.4 Armour
 - Level 2.0 Dodging
 - Level 2.4 Stealth
 * Level 2.7 Spellcasting
 * Level 3.9 Conjurations


You had 5 spell levels left.
You knew the following spells:

 Your Spells              Type           Power      Damage    Failure   Level
a - Searing Ray           Conj           34%        2d5       4%          2
c - Magic Dart            Conj           68%        1d6       3%          1

Your spell library contained the following spells:

 Spells                   Type           Power      Damage    Failure   Level
 Dazzling Flash           Conj/Hex       20%        N/A       22%         3
 Fulminant Prism          Conj/Hex       5%         3d7       56%         4
 Iskenderun's Mystic Bla  Conj/Tloc      10%        2d4       56%         4


Dungeon Overview and Level Annotations

Branches:
Dungeon (3/15)

Altars:
Zin

Shops:
D:2 [


Innate Abilities, Weirdness & Mutations

You cannot be hasted, slowed, berserked, paralysed or teleported.
You can dig through walls and to a lower floor.
You have a pair of large antennae on your head. (SInv)
Your four strong arms can wield two-handed weapons with a shield.


Message History

The orc closely misses you. What are your orders? t - Shout!
Orders for allies: a - Attack new target. r - Retreat! s - Stop attacking. g - Guard the area. f - Follow me.
Anything else - Cancel.
You shout for attention!
An iguana comes into view.
The orc completely misses you. What are your orders? t - Shout!
Orders for allies: a - Attack new target. r - Retreat! s - Stop attacking. g - Guard the area. f - Follow me.
Anything else - Cancel.
You shout for attention!
The orc hits you with a +2 whip of electrocution.
You are electrocuted!
Ouch! That really hurt!
What are your orders? t - Shout!
Orders for allies: a - Attack new target. r - Retreat! s - Stop attacking. g - Guard the area. f - Follow me.
Anything else - Cancel.
You shout for attention!
The iguana hisses menacingly.
The orc hits you with a +2 whip of electrocution.
What are your orders? t - Shout!
Orders for allies: a - Attack new target. r - Retreat! s - Stop attacking. g - Guard the area. f - Follow me.
Anything else - Cancel.
You shout for attention!
The iguana barely misses you.
The orc hits you with a +2 whip of electrocution.
You are electrocuted!
You die...

##. ... ..
## .. ..
....# .
.#..###
#.##.l.....
#.#......
#.o...#
#.@.#
#......l##
####.....
####.## #.#
#.# #.# #..


You could see 2 iguanas and an orc.

Vanquished Creatures
  2 adders (D:2)
  An orc (D:3)
  An endoplasm (D:1)
  4 giant cockroaches
  3 goblins
  2 hobgoblins (D:1)
  4 kobolds
  6 ball pythons
  3 bats
  3 rats
  A spectral goblin (D:1)
30 creatures vanquished.

Notes
Turn   | Place    | Note
-------+----------+-------------------------------------------
     0 | D:1      | DildoBatman the Formicid Conjurer began the quest for the
                  | Orb.
     0 | D:1      | Reached XP level 1. HP: 13/13 MP: 3/3
   194 | D:1      | Reached XP level 2. HP: 20/20 MP: 5/5
   197 | D:1      | Learned a level 2 spell: Searing Ray
   258 | D:1      | Found a faded altar of an unknown god.
   677 | D:2      | Reached skill level 1 in Fighting
   677 | D:2      | Reached skill level 1 in Armour
   695 | D:2      | Reached XP level 3. HP: 26/26 MP: 6/6
  1003 | D:2      | Found Koenited's Antique Armour Shoppe.
  1046 | D:2      | Found a glowing silver altar of Zin.
  1138 | D:2      | You fall into a shaft and drop 1 floor!
  1235 | D:3      | Reached XP level 4. HP: 26/32 MP: 6/8
  1237 | D:3      | You fall into a shaft and drop 3 floors!
  1248 | D:6      | HP: 1/32 [orc/+2 whip of electrocution (1)]
  1248 | D:6      | Mangled by an orc

Illustrated notes

Levels and vault maps discovered:
D:1:      amcnicky_arrival_feature_with_door, layout_rooms,
          dreamdust_ecumenical_altar_drowned_temple
D:2:      wander_river, layout_loops_ring, serial_shops,
          nicolae_shop_hallway_stairs, basic_altar
D:3:      layout_rooms, mainiacjoe_overflow_tiny_flanked,
          evilmike_ruin_ashenzari, portal_sewer_entry_f, nicolae_hexahallways
D:6:      layout_rooms, mainiacjoe_overflow_alcove_1,
          mainiacjoe_overflow_small_starburst, kennysheep_little_box,
          nemelex_diamond_rough_becter, mainiacjoe_overflow_alcove_2,
          temple_hall, nicolae_shop_fire_sale [nicolae_sub_dead_trees]

Skill      XL: |  1  2 |
---------------+-------+-----
Dodging        | 2 |  2.0
Fighting       | 1 |  1.4
Armour         | 1 |  1.4
Stealth        | |  2.4
Spellcasting   | |  2.7
Conjurations   | |  3.9

Action                   |  1- 3 |  4- 6 || total
-------------------------+-------+-------++-------
 Fire: Sling             |    61 |       ||    61
 Cast: Magic Dart        |    10 |       ||    10
       Searing Ray       |     1 |       ||     1
 Abil: Shaft Self        |       |     1 ||     1
Dodge: Dodged            |     8 |     3 ||    11
